 Dungeon Crawl Stone Soup version 0.24-a0-537-g2d01d4ab0a (webtiles) character file.

Game seed: 17808236814531623282

13696 Flugkiller the Fighter (level 11, -9/89 HPs)
             Began as a Mummy Monk on Aug 16, 2019.
             Was a High Priest of Cheibriados.
             Killed from afar by an ice statue (33 damage)
             ... with a shard of ice
             ... in an ice cave.
             The game lasted 00:26:13 (11008 turns).

Flugkiller the Fighter (Mummy Monk)                Turns: 11008, Time: 00:26:13

Health: -9/89      AC: 15    Str: 31    XL:     11   Next: 79%
Magic:  25/25      EV: 15    Int: 22    God:    Cheibriados [*****.]
Gold:   705        SH:  0    Dex: 25    Spells: 10/10 levels left

rFire    x . .     SeeInvis .     - Unarmed
rCold    + . .     Gourm    .   (no shield)
rNeg     + + +     Faith    .   o - +0 chain mail
rPois    ∞         Spirit   .   d - +2 hat
rElec    .         Reflect  .   (no cloak)
rCorr    .         Harm     .   z - +1 pair of gloves of Space {rN+ MP+9 Str+3}
MR       +....                  (no boots)
Stlth    ..........             f - amulet of regeneration
HPRegen  0.64/turn              j - +4 ring of evasion
MPRegen  0.19/turn              g - +3 ring of slaying

@: very slow
A: no food or potions, fire vulnerability, cold resistance 1, negative energy
resistance 3, torment resistance, unbreathing
a: Bend Time, Temporal Distortion, Slouch, Step From Time, Renounce Religion


You were in an ice cave.
You worshipped Cheibriados.
Cheibriados was extremely pleased with you.
You were not hungry.

You visited 3 branches of the dungeon, and saw 12 of its levels.
You also visited: Ice Cave.

You collected 735 gold pieces.
You spent 30 gold pieces at shops.

Inventory:

Hand Weapons
 k - a +2 whip of electrocution
   (You found it on level 2 of the Dungeon)
Missiles
 b - 361 stones (quivered)
 l - a throwing net
 w - 19 poisoned darts
Armour
 d - a +2 hat (worn)
   (You took it off Gastronok on level 8 of the Dungeon)
 o - a +0 chain mail (worn)
   (You found it on level 1 of the Dungeon)
 z - the +1 pair of gloves of Space (worn) {rN+ MP+9 Str+3}
   (You found it on level 10 of the Dungeon)

   It affects your strength (+3).
   It protects you from negative energy.
   It affects your magic capacity (+9).
Jewellery
 f - an amulet of regeneration (around neck)
   (You found it on level 4 of the Dungeon)
 g - a +3 ring of slaying (right hand)
   (You found it on level 1 of the Dungeon)
 j - a +4 ring of evasion (left hand)
   (You found it on level 5 of the Dungeon)
Wands
 m - a wand of digging (6)
   (You took it off Duvessa on level 7 of the Dungeon)
 p - a wand of acid (7)
   (You took it off an orc on level 6 of the Dungeon)
 r - a wand of flame (11)
   (You took it off an orc wizard on level 8 of the Dungeon)
 t - a wand of polymorph (11)
   (You took it off an orc on level 8 of the Dungeon)
 u - a wand of paralysis (4)
   (You found it on level 10 of the Dungeon)
Scrolls
 a - a scroll of blinking
 c - 4 scrolls of remove curse
 e - 3 scrolls of magic mapping
 h - 4 scrolls of teleportation
 i - 3 scrolls of enchant armour
 n - 2 scrolls of fear
 q - a scroll of immolation
 s - a scroll of fog {unknown}
 x - a scroll of vulnerability {unknown}
Miscellaneous
 v - a lamp of fire
   (You found it in an ice cave)
 y - a phial of floods (inert)
   (You found it on level 9 of the Dungeon)


   Skills:
 + Level 9.6 Fighting
 + Level 7.6 Armour
 - Level 3.0 Dodging
 - Level 1.5 Stealth
 - Level 9.0 Unarmed Combat
 - Level 7.6 Invocations
 - Level 4.0 Evocations


You had 10 spell levels left.
You didn't know any spells.
Your spell library contained the following spells:

 Spells                   Type           Power        Failure   Level  Hunger
 Animate Skeleton         Necr           N/A          56%         1    N/A
 Apportation              Tloc           #.....       56%         1    N/A
 Confusing Touch          Hex            #.....       56%         1    N/A
 Sandblast                Erth           #.....       56%         1    N/A
 Summon Small Mammal      Summ           #...         56%         1    N/A
 Passwall                 Tmut/Erth      #.......     71%         2    N/A
 Stone Arrow              Conj/Erth      #.....       90%         3    N/A
 Petrify                  Tmut/Erth      #.......     100%        4    N/A
 Lee's Rapid Deconstruct  Erth           #.........   100%        5    N/A

Dungeon Overview and Level Annotations

Branches:
Dungeon (10/15)            Temple (1/1) D:5            Lair (1/6) D:8
    Orc: D:9-12

Altars:
Ashenzari
Cheibriados
Dithmenos
Elyvilon
Fedhas
Gozag
Hepliaklqana
Kikubaaqudgha
Makhleb
Nemelex Xobeh
Okawaru
Qazlal
Ru
Sif Muna
Trog
Uskayaw
Vehumet
Wu Jian
Xom
Yredelemnul
Zin
The Shining One

Shops:
D:4 ?   D:7 *

Annotations:
D:3 Jessica, Sigmund
D:5 3 runed translucent doors, hitsuchi's ghost, novice DEFE IceCv exclusion: ice statue


Innate Abilities, Weirdness & Mutations

You do not eat or drink.
Your flesh is vulnerable to fire.
You are immune to poison.
Your flesh is cold resistant. (rC+)
You are immune to negative energy. (rN+++)
You are immune to unholy pain and torment.
You can survive without breathing.


Message History

The ice beast misses you.
You hit the ice beast.
The ice beast is severely wounded.
The ice beast barely misses you. x2
You closely miss the ice beast. Your punch misses the ice beast.
The ice beast is severely wounded.
The ice beast hits you but does no damage.
You barely miss the ice beast. Your punch misses the ice beast.
The ice beast is severely wounded.
The ice beast hits you but does no damage.
You closely miss the ice beast.
The ice beast is severely wounded.
The ice beast hits you but does no damage.
The ice beast barely misses you.
You punch the ice beast!
You kill the ice beast!
The ice beast hits you but does no damage.
You closely miss the ice beast.
The ice beast hits you but does no damage.
You barely miss the ice beast.
The ice beast hits you but does no damage.
Unknown command.
You pummel the ice beast!!
The ice beast is severely wounded.
You punch the ice beast!
You kill the ice beast!
No target in view!
Really walk into a travel-excluded area?
Unknown command.
The ice statue gestures at you. The freezing blast engulfs you! You resist.
The ice statue gestures at you. The freezing blast misses you.
You are engulfed in freezing vapours.
You resist. The ice statue gestures at you. The freezing blast engulfs you.
You resist.
You are engulfed in freezing vapours.
You resist. The ice statue gestures at you. The shard of ice hits you.
You partially resist.
Unknown command.
You hit the ice statue but do no damage.
You are engulfed in freezing vapours.
You resist.
* * * LOW HITPOINT WARNING * * *
The ice statue gestures at you. The shard of ice hits you!!
You partially resist.
* * * LOW HITPOINT WARNING * * *
Unknown command.
The ice statue gestures at you. The shard of ice hits you!!
You partially resist.
You die...

#...# #..†## ##.†.#
#...## ##..# ##.##
########
####..####.#....##
.#.##..##.(..#...##
#.#.##..##..####@.#
.#..#.≈..##..###..#
#.##.#..###..##..°#
#####÷.####...##.8.#
##..####...####°.°#
#...##...### #.###
#..##...## ☼#.
#......## # ..
##...### ##


You could see an ice statue.

Vanquished Creatures
  Gastronok (D:8)
  A hydra (Lair:1)
  3 two-headed ogres
  A komodo dragon (Lair:1)
  2 polar bears (IceCv)
  A troll (D:9)
  Grinder (D:3)
  4 blink frogs (Lair:1)
  2 hippogriffs
  4 hogs (D:7)
  A human (D:7)
  2 hungry ghosts
  Menkaure (D:3)
  3 wargs (D:8)
  Duvessa (D:7)
  A porcupine (Lair:1)
  3 sky beasts
  2 black bears
  4 orc warriors
  3 phantoms
  5 ice beasts
  7 ogres
  4 centaurs
  4 wolves (IceCv)
  A crocodile (Lair:1)
  A big kobold (D:8)
  6 bullfrogs
  2 scorpions
  Dowan (D:7)
  3 killer bees (D:10)
  A howler monkey (D:6)
  6 crimson imps
  4 jellies
  A quasit (D:9)
  2 bullfrog zombies
  3 centaur zombies (D:9)
  6 hounds
  A gnoll shaman (D:5)
  13 orc priests
  15 orc wizards
  5 centaur skeletons
  4 iguanas
  4 worker ants
  A killer bee zombie (D:6)
  2 hound skeletons
  5 gnolls
  15 adders
  12 white imps (Lair:1)
  An ooze (D:4)
  2 adder skeletons
  4 worms
  A dart slug (D:5)
  2 leopard geckos
  45 orcs
  7 giant cockroaches
  4 goblins
  7 hobgoblins
  7 jackals
  4 quokkas
  2 ball pythons
  8 bats
  5 frilled lizards
  A jackal skeleton (D:6)
  6 kobolds
  A leopard gecko skeleton (D:5)
  2 quokka skeletons (D:6)
  5 rats
289 creatures vanquished.

Vanquished Creatures (others)
  A polar bear (IceCv)
  4 wolves (IceCv)
5 creatures vanquished.

Grand Total: 294 creatures vanquished

Notes
Turn   | Place    | Note
-------+----------+-------------------------------------------
     0 | D:1      | Flugkiller the Mummy Monk began the quest for the Orb.
     0 | D:1      | Reached XP level 1. HP: 18/18 MP: 1/1
  1107 | D:2      | Reached XP level 2. HP: 21/24 MP: 2/2
  1289 | D:2      | Reached XP level 3. HP: 25/29 MP: 3/3
  1855 | D:3      | Reached XP level 4. HP: 35/35 MP: 4/4
  3026 | D:2      | Reached XP level 5. HP: 24/42 MP: 5/5
  3498 | D:3      | Noticed Jessica
  3499 | D:3      | Noticed Sigmund
  3652 | D:4      | Noticed Menkaure
  3671 | D:3      | Killed Menkaure
  3671 | D:3      | Reached skill level 5 in Fighting
  3671 | D:3      | Reached XP level 6. HP: 35/51 MP: 6/6
  3939 | D:4      | Noticed Grinder
  3966 | D:3      | Paralysed by Grinder for 4 turns
  3978 | D:3      | Killed Grinder
  3978 | D:3      | Reached XP level 7. HP: 51/59 MP: 7/7
  4155 | D:4      | Found a blossoming altar of Fedhas.
  4176 | D:4      | Reached skill level 1 in Armour
  4202 | D:4      | Found Meaf's Magic Scroll Shoppe.
  4205 | D:4      | Bought a scroll of teleportation for 30 gold pieces
  4546 | D:4      | Found a radiant altar of Vehumet.
  4591 | D:4      | Found a burning altar of Makhleb.
  4745 | D:5      | Entered Level 5 of the Dungeon
  5060 | D:5      | Found a staircase to the Ecumenical Temple.
  5073 | Temple   | Entered the Ecumenical Temple
  5078 | Temple   | Became a worshipper of Cheibriados the Contemplative
  5078 | Temple   | Reached * piety under Cheibriados
  5078 | Temple   | Reached ** piety under Cheibriados
  5170 | D:5      | Found a runed translucent gate.
  5170 | D:5      | Found a runed translucent gate.
  5181 | D:5      | Reached skill level 1 in Invocations
  5181 | D:5      | Reached XP level 8. HP: 43/67 MP: 7/9
  5727 | D:5      | Found a runed translucent gate.
  5728 | D:5      | Noticed hitsuchi's ghost (novice DEFE)
  5936 | D:5      | Found a shadowy altar of Dithmenos.
  6149 | D:6      | Reached skill level 5 in Unarmed Combat
  6694 | D:6      | Reached XP level 9. HP: 60/74 MP: 9/12
  6969 | D:6      | Found an iron altar of Okawaru.
  7016 | D:6      | Found an ancient bone altar of Kikubaaqudgha.
  7084 | D:6      | Reached *** piety under Cheibriados
  7211 | D:6      | Found an opulent altar of Gozag.
  7248 | D:6      | Found a sparkling altar of Nemelex Xobeh.
  7330 | D:6      | Reached skill level 1 in Evocations
  7602 | D:7      | Found a hide-covered altar of Uskayaw.
  7699 | D:7      | Reached **** piety under Cheibriados
  7705 | D:7      | Found Pag Emuitu's General Store.
  7995 | D:7      | Noticed Duvessa
  7996 | D:7      | Noticed Dowan
  8012 | D:7      | Killed Duvessa
  8024 | D:7      | Reached XP level 10. HP: 50/80 MP: 9/13
  8028 | D:7      | Killed Dowan
  8028 | D:7      | Reached skill level 5 in Invocations
  8341 | D:8      | Noticed Gastronok
  8354 | D:8      | Killed Gastronok
  8529 | D:8      | Found a staircase to the Lair.
  8928 | D:8      | Found a shimmering blue altar of Sif Muna.
  8962 | D:8      | Reached skill level 5 in Armour
  8964 | D:8      | Found a stormy altar of Qazlal.
  9095 | D:8      | Noticed a two-headed ogre
  9182 | D:8      | Killed a two-headed ogre
  9182 | D:8      | Reached XP level 11. HP: 42/86 MP: 13/16
  9551 | D:9      | Reached ***** piety under Cheibriados
  9570 | D:9      | Found a glowing golden altar of the Shining One.
  9752 | D:9      | Noticed a two-headed ogre
  9757 | D:9      | Killed a two-headed ogre
  9932 | D:10     | Entered Level 10 of the Dungeon
  9943 | D:10     | Got a pair of pitted gloves
  9953 | D:9      | Identified the +1 pair of gloves of Space {rN+ MP+9 Str+3}
                  | (You found it on level 10 of the Dungeon)
 10053 | D:10     | Noticed a two-headed ogre
 10062 | D:10     | Killed a two-headed ogre
 10523 | Lair:1   | Entered Level 1 of the Lair of Beasts
 10566 | Lair:1   | Found a frozen archway.
 10580 | Lair:1   | Noticed a five-headed hydra
 10588 | Lair:1   | Killed a five-headed hydra
 10605 | IceCv    | Entered an ice cave
 11008 | IceCv    | Killed from afar by an ice statue

Levels and vault maps discovered:
D:1:      sevenhm_arrival_forest_fort_small_1, layout_loops_cross
D:2:      layout_rooms, minmay_hexomino_u4
D:3:      layout_loops_ring, st_stairs_2, grunt_ministairs_9, moated_statue,
          uniq_jessica, uniq_sigmund
D:4:      layout_basic, lemuel_doored_altar, lemuel_coloured_pillars_altar,
          makhleb_heckhound_becter, first_ration, serial_shops, kennysheep_mini,
          uniq_grinder, uniq_menkaure
D:5:      layout_basic, lemuel_round_altar,
          minmay_temple_entry_drinking_statues, gammafunk_ghost_split,
          chequers_serial_rivers_large_a, guppyfry_early_orc_mine
D:6:      layout_loops_ring, lemuel_crystal_altar, old_standard_altar,
          nemelex_xobeh_ov_fountains_minmay, grunt_gozag_breadcrumbs
D:7:      layout_loops_ring, eat_drink_and_be_merry_uskayaw, serial_shops,
          shop_statue, grunt_livestock, minmay_crossroads, uniq_duvessa
D:8:      layout_basic, old_standard_altar, kennysheep_mini_moat,
          erik_lair_orcish_takeover, serial_co_window_serial,
          co_window_corner_a, co_window_cross_1, co_window_cross_1,
          co_window_paths_a, co_window_cross_1, co_window_corner_a,
          co_window_of_opportunity_a, co_window_corner_ca, co_window_corner_cb,
          co_window_2corner, glass_columns_c, glass_columns_b, glass_columns_a,
          glass_columns_a, serial_bayou_crossing, uniq_gastronok
D:9:      layout_rooms, kennysheep_little_box, amethyst_killhole
D:10:     layout_basic
Temple:   minmay_freezing_vapour_temple
Lair:1:   layout_roguey, portal_ice_cave_entry_imps, serial_bayou_shore_a,
          grunt_megastairs_1, lemuel_fruit_fields, lemuel_fruit_tree
IceCv:    ice_cave_caverns_02

Skill      XL: |  1  2  3  4  5  6  7  8  9 10 11 |
---------------+----------------------------------+-----
Unarmed Combat | 3 4 6 9 |  9.0
Fighting       | 4 5 6 7 8 9 |  9.6
Armour         | 3 5 7 |  7.6
Dodging        | 3 |  3.0
Invocations    | 1 4 7 |  7.6
Evocations     | 2 4 |  4.0
Stealth        | |  1.5

Action                   |  1- 3 |  4- 6 |  7- 9 | 10-12 || total
-------------------------+-------+-------+-------+-------++-------
Melee: Unarmed           |   131 |   157 |   278 |   382 ||   948
       Punch             |     2 |     4 |    10 |    22 ||    38
       Whip              |       |    24 |   104 |       ||   128
Throw: Stone             |       |    10 |     9 |     3 ||    22
Invok: Bend Time         |       |       |     6 |     8 ||    14
       Temporal Distorti |       |       |     1 |     2 ||     3
       Slouch            |       |       |       |     3 ||     3
Evoke: Wand              |       |       |       |     7 ||     7
       Phial of floods   |       |       |       |     1 ||     1
  Use: Scroll            |     3 |     2 |     1 |     6 ||    12
 Stab: Sleeping          |     2 |     2 |       |       ||     4
Armor: Leather armour    |    35 |    22 |       |       ||    57
       Robe              |     2 |       |       |       ||     2
       Chain mail        |       |    10 |   127 |   144 ||   281
Dodge: Dodged            |    80 |    83 |   252 |   311 ||   726

Table legend:
 A = Non-vault XP
 B = Vault XP
 C = Vault XP percentage of total XP
 D = Non-vault monster count
 E = Vault monster count
 F = Vault count percentage of total count
                 A         B        C        D         E       F
            +---------+---------+-------+---------+---------+-------
      Total |   13406 |    6160 |  31.5 |     237 |      52 |  18.0
            +---------+---------+-------+---------+---------+-------
        D:1 |      10 |       0 |   0.0 |       7 |       0 |   0.0
        D:2 |     127 |       3 |   2.3 |      26 |       2 |   7.1
        D:3 |     145 |     456 |  75.9 |      28 |       5 |  15.2
        D:4 |     401 |      85 |  17.5 |      12 |       2 |  14.3
        D:5 |     802 |     181 |  18.4 |      20 |       6 |  23.1
        D:6 |    1576 |       0 |   0.0 |      40 |       0 |   0.0
        D:7 |    1490 |    1278 |  46.2 |      25 |       9 |  26.5
        D:8 |    2213 |    2715 |  55.1 |      22 |       9 |  29.0
        D:9 |    2267 |       0 |   0.0 |      25 |       0 |   0.0
       D:10 |    2085 |       0 |   0.0 |      25 |       0 |   0.0
     Lair:1 |    2290 |     465 |  16.9 |       7 |      13 |  65.0
      IceCv |       0 |     977 | 100.0 |       0 |       6 | 100.0
            +---------+---------+-------+---------+---------+-------
